 Dungeon Crawl Stone Soup version 0.17-a0-1987-gaf5a542 (webtiles) character file.

25 Shim the Grasshopper (level 2, 0/19 HPs)
             Began as a High Elf Warper on Oct 6, 2015.
             Slain by a bat (1 damage)
             ... on level 2 of the Dungeon.
             The game lasted 00:04:27 (838 turns).

Shim the Grasshopper (High Elf Warper)               Turns: 838, Time: 00:04:28

Health: 0/19       AC:  3    Str: 10    XL:     2   Next: 82%
Magic:  1/6        EV: 12    Int: 16    God:
Gold:   62         SH:  0    Dex: 14    Spells: 2 memorised, 3 levels left

rFire  . . .     SeeInvis .     a - +0 short sword
rCold  . . .     Clarity  .     b - +0 leather armour
rNeg   . . .     SustAt   .     (no shield)
rPois  .         Gourm    .     (no helmet)
rElec  .         Spirit   .     (no cloak)
rCorr  .         Warding  .     (no gloves)
rMut   .         Stasis   .     (no boots)
MR     .....                    (no amulet)
Stlth  +.........               (no ring)
                                (no ring)

@: very slightly contaminated, not resistant to hostile enchantments, very
unstealthy
A: no striking features
a: no special abilities


You were on level 2 of the Dungeon.
You were not hungry.

You visited 1 branch of the dungeon, and saw 2 of its levels.

You collected 62 gold pieces.

Inventory:

Hand Weapons
 a - a +0 short sword (weapon)
Missiles
 e - 5 tomahawks of dispersal
 n - 23 stones (quivered)
Armour
 b - a +0 leather armour (worn)
Scrolls
 d - a scroll of blinking
 h - a scroll of enchant armour {unknown}
 i - a scroll of amnesia {unknown}
 j - 2 scrolls of remove curse {unknown}
 p - a scroll of random uselessness {unknown}
 r - a scroll of immolation {unknown}
 s - a scroll of identify {unknown}
Potions
 g - a potion of brilliance {unknown}
Books
 c - a book of Spatial Translocations

   Spells                             Type                      Level
   a - Apportation                    Translocation                1
   b - Blink                          Translocation                2
   c - Shroud of Golubria             Charms/Translocation         2
   d - Portal Projectile              Translocation                3
   e - Teleport Other                 Translocation                3
   f - Passage of Golubria            Translocation                4
Comestibles
 f - 2 bread rations
 k - 3 beef jerkies
 l - 2 fruits
 m - 2 meat rations
 o - a chunk of flesh


   Skills:
 + Level 2.1 Fighting
 + Level 2.4 Short Blades
 * Level 1.5 Throwing
 + Level 1.0 Armour
 + Level 2.2 Dodging
 * Level 1.0 Stealth
 + Level 2.5 Spellcasting
 + Level 3.7 Translocations


You had 3 spell levels left.
You knew the following spells:

 Your Spells              Type           Power        Failure   Level  Hunger
a - Apportation           Tloc           ##........   8%          1    #......
b - Blink                 Tloc           N/A          12%         2    ##.....


Dungeon Overview and Level Annotations

Branches:
Dungeon (2/15)

Altars:


Message History

Confirm with . or Enter, or press ? or * to list all spells.
You blink.
The gnoll closely misses you. The bat barely misses you.
The bat hits you but does no damage. The bat misses you.
A rat comes into view.
The bat hits you but does no damage. The bat hits you but does no damage.
The bat completely misses you. The bat closely misses you. The bat hits you.
* * * LOW HITPOINT WARNING * * *
Unknown command.
Casting: Blink
Confirm with . or Enter, or press ? or * to list all spells.
You miscast Blink.
You are very lightly contaminated with residual magic.
You spin around.
The bat hits you but does no damage.
Casting: Blink
Confirm with . or Enter, or press ? or * to list all spells.
You blink.
The jackal closely misses you. The bat hits you.
You die...

#.##.# #.###...###.
###.##h###?##.....##.
#................##.#
#.####h.##.####.##.##
#g####..##bgg.g..h###
#.##g...#######.##.##
#g##.##.# #+# #.#
#.##h##.# #.
#...@...# ##
####gb### ##...####
#.ยง.....+ ##.r.#.##
#..###.# .[## #.# .##
#. #.


You could see 2 gnolls, a jackal, a bat and a rat.

Vanquished Creatures
  2 giant cockroaches (D:1)
  5 goblins (D:1)
  4 hobgoblins (D:1)
  4 jackals
  A kobold (D:1)
  3 bats (D:1)
  A giant newt (D:2)
  3 rats (D:1)
23 creatures vanquished.

Notes
Turn   | Place    | Note
--------------------------------------------------------------
     0 | D:1      | Shim the High Elf Warper began the quest for the Orb.
     0 | D:1      | Reached XP level 1. HP: 14/14 MP: 4/4
   211 | D:1      | Reached XP level 2. HP: 17/19 MP: 6/6
   215 | D:1      | Learned a level 2 spell: Blink
   293 | D:1      | Reached skill level 1 in Armour
   808 | D:2      | Reached skill level 1 in Stealth
   838 | D:2      | Slain by a bat

Vault maps used:
D:1:      saegor_arrival_simple_b
D:2:      grunt_temple_overflow_open, makhleb_altar_promises_db

Action                   || total
-------------------------++-------
Melee: Short sword       ||    82
Throw: Stone             ||    16
 Cast: Blink             ||     6
  Use: Potion            ||     1
